 Dungeon Crawl Stone Soup version 0.20-a0-1122-gb7cbeb9 (webtiles) character file.

1 Chaoticas the Insei (level 1, 0/16 HPs)
             Began as a Gnoll Transmuter on May 14, 2017.
             Slain by a leopard gecko (3 damage)
             ... on level 1 of the Dungeon.
             The game lasted 00:00:32 (80 turns).

Chaoticas the Insei (Gnoll Transmuter)                Turns: 80, Time: 00:00:33

Health: 0/16       AC:  2    Str:  9    XL:     1   Next: 20%
Magic:  4/5        EV: 13    Int: 13    God:
Gold:   7          SH:  0    Dex: 14    Spells: 6/7 levels left

rFire    . . .     SeeInvis .     - Unarmed
rCold    . . .     Gourm    .   (no shield)
rNeg     . . .     Faith    .   b - +0 robe
rPois    .         Spirit   .   (no helmet)
rElec    .         Reflect  .   (no cloak)
rCorr    .         Harm     .   (no gloves)
MR       .....                  (no boots)
Stlth    +.........             (no amulet)
Regen    0.1/turn               (no ring)
MPRegen  0.1/turn               (no ring)

@: no status effects
A: short attention span, fangs 1, strong nose
a: no special abilities


You were on level 1 of the Dungeon.
You were not hungry.

You visited 1 branch of the dungeon, and saw 1 of its levels.

You collected 7 gold pieces.

Inventory:

Missiles
 a - 12 arrows
Armour
 b - a +0 robe (worn)
Books
 c - a book of Changes

   Spells                             Type                      Level
   a - Beastly Appendage              Transmutation                1
   b - Sticks to Snakes               Transmutation                2
   c - Spider Form                    Transmutation/Poison         3
   d - Ice Form                       Ice/Transmutation            4
   e - Blade Hands                    Transmutation                5
Comestibles
 d - a bread ration


   Skills:
 - Level 1.7 Fighting
 - Level 3.2 Dodging
 * Level 4.9 Unarmed Combat
 - Level 3.6 Spellcasting
 * Level 3.4 Transmutations


You had 6 spell levels left.
You knew the following spells:

 Your Spells              Type           Power        Failure   Level  Hunger
a - Beastly Appendage     Tmut           ##....       5%          1    #......


Dungeon Overview and Level Annotations

Branches:
Dungeon (1/15)

Altars:


Innate Abilities, Weirdness & Mutations

You have a short attention span.
You have very sharp teeth.
Your uncanny sense of smell can sniff out nearby items.


Message History

You open the door.
A leopard gecko and a gnoll come into view.
The leopard gecko hisses angrily.
There are monsters nearby!
There is an open door here.
Okay, then.
Casting: Beastly Appendage
Confirm with . or Enter, or press ? or * to list all spells.
Your feet morph into talons.
Your transformation is almost over.
The leopard gecko bites you but does no damage.
The gnoll closely misses you.
There is an open door here.
You closely miss the gnoll. The leopard gecko misses you.
The gnoll hits you with a halberd!
Ouch! That really hurt!
* * * LOW HITPOINT WARNING * * *
The leopard gecko misses you.
You hit the gnoll. You claw the gnoll, but do no damage.
The gnoll is lightly wounded.
The gnoll completely misses you. The leopard gecko closely misses you.
You hit the gnoll. Your bite misses the gnoll.
The gnoll is heavily wounded.
The leopard gecko bites you.
* * * LOW HITPOINT WARNING * * *
The gnoll hits you with a halberd.
* * * LOW HITPOINT WARNING * * *
You closely miss the gnoll. You claw the gnoll. Your bite misses the gnoll.
The gnoll is heavily wounded.
The leopard gecko barely misses you.
Unknown command.
You barely miss the gnoll.
The gnoll is heavily wounded.
The gnoll closely misses you. The leopard gecko closely misses you.
You hit the gnoll.
The gnoll is severely wounded.
The leopard gecko misses you. The gnoll barely misses you.
You barely miss the gnoll. You claw the gnoll, but do no damage.
The gnoll is severely wounded.
The leopard gecko bites you.
* * * LOW HITPOINT WARNING * * *
The gnoll closely misses you.
You barely miss the gnoll.
The gnoll is severely wounded.
The leopard gecko closely misses you.
You hit the gnoll. You claw the gnoll. You punch the gnoll, but do no damage.
The gnoll is almost dead.
Your talons disappear.
The gnoll misses you. The leopard gecko bites you.
You die...

####### .......
....... #######
....... #.....#
.......
#.....#####.......
#.........@g......
#......####l......
##...#.####.......
+......#......#.#####
######.#..###.#+##
#.#..# #....# #.#..#
#....# #.#..# #....#
#.#.^###....#


You could see a gnoll and a leopard gecko.

Vanquished Creatures
  A kobold (D:1)
1 creature vanquished.

Notes
Turn   | Place    | Note
-------+----------+-------------------------------------------
     0 | D:1      | Chaoticas the Gnoll Transmuter began the quest for the Orb.
     0 | D:1      | Reached XP level 1. HP: 16/16 MP: 5/5
    72 | D:1      | HP: 7/16 [gnoll/halberd (9)]
    78 | D:1      | HP: 2/16 [leopard gecko (3)]
    80 | D:1      | Slain by a leopard gecko

Vault maps used:
D:1:      co_arrival_hexagon_in_a_hexagon

Action                   || total
-------------------------++-------
Melee: Unarmed           ||    10
       Kick              ||     4
       Punch             ||     1
       Bite              ||     1
 Cast: Beastly Appendage ||     1
Armor: Robe              ||     1
Dodge: Dodged            ||    13
